 Dungeon Crawl Stone Soup version 0.31-a0-1183-gd88bbb8b4d (webtiles) character file.

Game seed: 3550709855003824955

135 qw the Shooter (level 5, -3/32 HPs)
             Began as a Gargoyle Hunter on Dec 11, 2023.
             Slain by Robin
             ... wielding a +3 spear of distortion
              (11 damage)
             ... on level 3 of the Dungeon.
             The game lasted 00:00:49 (1737 turns).

qw the Shooter (Gargoyle Hunter)                    Turns: 1737, Time: 00:00:49

Health: -3/32      AC:  7    Str: 14    XL:     5   Next: 18%
Magic:  5/5        EV: 11    Int: 10    God:
Gold:   172        SH:  0    Dex: 15    Spells: 4/4 levels left

rFire   . . .        a - +0 shortbow (freeze)
rCold   . . .        (shield currently unavailable)
rNeg    + . .        c - +0 leather armour
rPois   inf          (no helmet)
rElec   +            (no cloak)
rCorr   .            (no gloves)
SInv    .            (no boots)
Will    .....        (no amulet)
Stlth   ++           (no ring)
HPRegen 0.25/turn    (no ring)
MPRegen 0.09/turn

%: no passive effects
@: no status effects
A: sickness immunity, AC +4, negative energy resistance 1, electricity
resistance, torment resistance 1, petrification resistance
a: no special abilities


You were on level 3 of the Dungeon.
You visited 1 branch of the dungeon, and saw 3 of its levels.

You collected 172 gold pieces.


Innate Abilities, Weirdness & Mutations

You are immune to sickness and miasma.
Your stone body is resilient. (AC +4)
You are immune to poison.
You resist negative energy. (rN+)
You are resistant to electric shocks. (rElec)
You are resistant to unholy torment.
You are immune to petrification.


   Skills:
 + Level 3.1 Fighting
 - Level 6.0 Ranged Weapons
 - Level 1.5 Dodging
 - Level 1.1 Stealth


You had 4 spell levels left.
You didn't know any spells.
Your spell library was empty.

Inventory:

Hand Weapons
 a - a +0 shortbow of freezing (weapon)
Armour
 c - a +0 leather armour (worn)
Potions
 d - a potion of curing
 g - a potion of haste {unknown}

Dungeon Overview and Level Annotations

Branches:
Dungeon (3/15)

Altars:

Shops:
D:2 (

Annotations:
D:3 Robin


Message History

The goblin barely misses you.
A hobgoblin comes into view.
The goblin hits you but does no damage. Robin throws the goblin at you!
You shoot an arrow. The arrow closely misses the goblin.
The goblin hits you but does no damage. The goblin barely misses you.
Robin throws the goblin at you!
You shoot an arrow. The arrow closely misses the goblin.
The goblin no longer looks unusually strong.
The goblin hits you but does no damage. The goblin misses you.
Robin roars a battlecry!
The goblin goes into a battle-frenzy!
The goblin closely misses you. x2
You shoot an arrow. The arrow closely misses the goblin.
The hobgoblin no longer looks unusually strong.
The goblin hits you with a +0 dagger. The goblin hits you but does no damage.
Robin throws the goblin at you! The goblin barely misses you.
The goblin hits you with a +0 club.
1734 ||| DRINKING potion of heal wounds.
You feel much better.
The goblin hits you but does no damage. x2
Robin roars a battlecry!
The hobgoblin goes into a battle-frenzy!
The goblin hits you with a +0 club. The goblin closely misses you.
You shoot an arrow. The arrow hits the goblin.
The arrow freezes the goblin.
You kill the goblin!
The goblin hits you but does no damage. Robin throws the goblin at you!
The hobgoblin hits you but does no damage.
The hobgoblin hits you. The goblin hits you with a +0 dagger.
The goblin hits you with a +0 club.
You shoot an arrow. The arrow hits the goblin!
The arrow freezes the goblin.
You kill the goblin!
The hobgoblin closely misses you. The goblin hits you with a +0 club.
The goblin barely misses you. The hobgoblin misses you.
Robin closely misses you.
You shoot an arrow. The arrow closely misses the goblin.
The hobgoblin barely misses you. The goblin completely misses you.
Robin hits you from afar with a +3 spear of distortion.
Space warps horribly around you!
You die...
Robin calls out, "Let's celebrate!
Time for a feast!"

#.......... ..
.#........## #.
#.#........#. #.
###.#..#....... #.
..#........#.#. .
#)###.#.##.#.#.#.#. (..
#.#........#.#.#.#.
.....#g#)#.#....#.....##
.....g)@g...............
.#....g#g#.#.####.######
#..####.#..............
#. #.#....###'####..
........#....#....
###.....#...)..##.
#.....#.....###.
+.....#....####.
#.....#....# ...


You could see Robin, 2 hobgoblins and 2 goblins.

Vanquished Creatures
  Terence (D:2)
  4 adders
  3 worms (D:2)
  9 bats
  4 endoplasms
  4 giant cockroaches
  12 goblins
  5 hobgoblins
  2 jackals (D:1)
  3 quokkas
  2 ball pythons
  5 frilled lizards
  5 kobolds
  3 rats
62 creatures vanquished.

Notes
Turn   | Place    | Note
-------+----------+-------------------------------------------
     0 | D:1      | qw the Gargoyle Hunter began the quest for the Orb.
     0 | D:1      | Reached XP level 1. HP: 12/12 MP: 1/1
     0 | D:1      | 0 ||| qw: Version: 0.3-a-106-g2cfff9e
     0 | D:1      | 0 ||| qw: Game counter: 2110
     0 | D:1      | 0 ||| qw: Melee chars always use a shield: true
     0 | D:1      | 0 ||| qw: God list: Okawaru
     0 | D:1      | 0 ||| qw: Allow faded altars: false
     0 | D:1      | 0 ||| qw: Do Orc after clearing Dungeon:15 true
     0 | D:1      | 0 ||| qw: Do second Lair branch before Depths: true
     0 | D:1      | 0 ||| qw: Lair rune preference: random
     0 | D:1      | 0 ||| qw: Goals: Normal, Save, Zot:1-4, Win
     0 | D:1      | 0 ||| PLANNING D:1-11
   131 | D:1      | Reached XP level 2. HP: 17/17 MP: 2/2
   554 | D:1      | Reached XP level 3. HP: 21/21 MP: 3/3
   597 | D:1      | Found a faded altar of an unknown god.
   632 | D:1      | Reached skill level 5 in Ranged Weapons
   846 | D:1      | 846 ||| READING scroll labelled ROXANY SOMUMPU.
   847 | D:1      | 847 ||| READING scroll labelled VAEKHLU LOHENAI.
   847 | D:1      | 847 ||| BRANDING +0 shortbow.
   848 | D:1      | 848 ||| READING scroll labelled QAUFI XUBLATO.
   848 | D:1      | 848 ||| IDENTIFYING golden potion
   849 | D:1      | 849 ||| DRINKING 2 grey potions.
   850 | D:1      | 850 ||| DRINKING 2 murky black potions.
   851 | D:1      | 851 ||| DROPPING scroll of butterflies.
   852 | D:1      | 852 ||| DROPPING potion of degeneration.
   872 | D:2      | 872 ||| STAIRDANCE
   965 | D:2      | Found Rakoj's Weapon Emporium.
   968 | D:2      | 968 ||| SHOPLISTING +8 shortbow "Xonli" {heavy, rPois
                  | Int+2} (668 gold, have 91).
   986 | D:2      | Reached skill level 3 in Fighting
   992 | D:2      | Reached XP level 4. HP: 28/28 MP: 4/4
  1090 | D:2      | Noticed Terence
  1099 | D:2      | Killed Terence
  1121 | D:2      | 1121 ||| DROPPING ring of flight.
  1587 | D:2      | 1587 ||| READING scroll labelled WUTUARAHAO.
  1592 | D:2      | 1592 ||| DRINKING 2 metallic amethyst potions.
  1593 | D:2      | 1593 ||| DROPPING potion of attraction.
  1658 | D:3      | Reached XP level 5. HP: 31/32 MP: 5/5
  1715 | D:3      | Noticed Robin
  1723 | D:3      | Reached skill level 6 in Ranged Weapons
  1733 | D:3      | HP: 8/32 [Robin/goblin (1)]
  1733 | D:3      | HP: 3/32 [goblin/+0 club[Robin] (5)]
  1734 | D:3      | 1734 ||| DRINKING potion of heal wounds.
  1737 | D:3      | Slain by Robin

Levels and vault maps discovered:
D:1:      mrwooster_arrival_statue_3, layout_loops_corners,
          ebering_ecumenical_altar_mist, minmay_misc_feat_more_columns
D:2:      layout_loops_ring, serial_shops, nicolae_shop_real_fake_doors,
          serial_glass, glass_columns_a, glass_columns_b, item_on_display_a,
          item_on_display_a, minmay_strange_pillars, minmay_strange_pillars,
          dreamdust_wishing_well, minmay_tromino_v7, uniq_terence
D:3:      layout_basic, nrook_uturn, kennysheep_generic_room_9, uniq_natasha,
          uniq_robin, uniq_grinder

Skill      XL: |  1  2  3  4  5 |
---------------+----------------+-----
Ranged Weapons | 5 6 |  6.0
Fighting       | 3 |  3.1
Dodging        | |  1.5
Stealth        | |  1.1

Action                     |  1- 3 |  4- 6 || total
---------------------------+-------+-------++-------
   Fire: Shortbow          |   115 |    91 ||   206
    Use: Scroll            |     3 |     1 ||     4
         Potion            |     2 |     2 ||     4
 Armour: Leather armour    |    29 |    42 ||    71
  Dodge: Dodged            |    34 |    34 ||    68

Table legend:
 A = Non-vault XP
 B = Vault XP
 C = Vault XP percentage of total XP
 D = Non-vault monster count
 E = Vault monster count
 F = Vault count percentage of total count
                 A         B        C        D         E       F
            +---------+---------+-------+---------+---------+-------
      Total |     140 |      54 |  27.8 |      51 |      11 |  17.7
            +---------+---------+-------+---------+---------+-------
        D:1 |      44 |       0 |   0.0 |      27 |       0 |   0.0
        D:2 |      81 |      39 |  32.5 |      22 |       3 |  12.0
        D:3 |      15 |      15 |  50.0 |       2 |       8 |  80.0
            +---------+---------+-------+---------+---------+-------
